 Dungeon Crawl Stone Soup version 0.20-a0-870-g4070442 (webtiles) character file.

100 polly the Shield-Bearer (level 4, -1/29 HPs)
             Began as a Gargoyle Fighter on Mar 14, 2017.
             Slain by demenzo's ghost (8 damage)
             ... on level 3 of the Dungeon.
             The game lasted 00:01:22 (1693 turns).

polly the Shield-Bearer (Gargoyle Fighter)          Turns: 1693, Time: 00:01:23

Health: -1/29      AC: 11    Str: 24    XL:     4   Next: 74%
Magic:  4/4        EV:  8    Int:  9    God:
Gold:   164        SH: 10    Dex: 10    Spells: 3/3 levels left

rFire    . . .     SeeInvis .   a - +0 flail
rCold    . . .     Gourm    .   b - +0 scale mail
rNeg     + . .     Faith    .   c - +0 shield
rPois    ∞         Spirit   .   (no helmet)
rElec    +         Reflect  .   (no cloak)
rCorr    .         Harm     .   h - +0 pair of gloves
MR       .....                  (no boots)
Stlth    ..........             (no amulet)
Regen    0.1/turn               (no ring)
MPRegen  0.1/turn               (no ring)

@: mighty
A: negative energy resistance 1, electricity resistance, unbreathing,
petrification resistance, rot immunity, AC +3
a: no special abilities


You were on level 3 of the Dungeon.
You were very hungry.

You visited 1 branch of the dungeon, and saw 3 of its levels.

You collected 164 gold pieces.

Inventory:

Hand Weapons
 a - a +0 flail (weapon)
Missiles
 o - a throwing net (quivered)
Armour
 b - a +0 scale mail (worn)
 c - a +0 shield (worn)
 h - a +0 pair of gloves (worn)
Jewellery
 i - a cursed ring of loudness {unknown}
 t - an uncursed ring of see invisible {unknown}
 u - a cursed ring of loudness {unknown}
Wands
 n - a wand of clouds (2/9)
Scrolls
 e - a scroll of enchant armour {unknown}
 j - a scroll of fog {unknown}
 l - a scroll of magic mapping {unknown}
 m - a scroll of remove curse {unknown}
 p - 5 scrolls of teleportation {unknown}
Potions
 k - a potion of degeneration {unknown}
 q - 2 potions of curing {unknown}
 r - 2 potions of heal wounds {unknown}
 s - 3 potions of lignification {unknown}
Comestibles
 f - 4 bread rations
 g - 11 fruits


   Skills:
 + Level 3.7 Fighting
 + Level 2.9 Maces & Flails
 + Level 3.6 Armour
 + Level 0.5 Dodging
 + Level 4.5 Shields


You had 3 spell levels left.
You didn't know any spells.

Dungeon Overview and Level Annotations

Branches:
Dungeon (3/15)

Altars:
Fedhas
Makhleb
Vehumet

Annotations:
D:3 demenzo's ghost, amateur HOAK


Innate Abilities, Weirdness & Mutations

You are resistant to torment.
Your stone body is resilient. (AC +3)
You are immune to poison.
You resist negative energy. (rN+)
You are resistant to electric shocks. (rElec)
You can survive without breathing.
You are immune to petrification.
You are immune to rotting.


Message History

You are too injured to fight recklessly!
You are too injured to fight recklessly!
You are too injured to fight recklessly!
You are too injured to fight recklessly!
You are too injured to fight recklessly!
You are too injured to fight recklessly!
You are too injured to fight recklessly!
You are too injured to fight recklessly!
You are too injured to fight recklessly!
You are too injured to fight recklessly!
You are too injured to fight recklessly!
You are too injured to fight recklessly!
You feel very mighty all of a sudden.
Demenzo's ghost hits you but does no damage.
You closely miss demenzo's ghost.
Demenzo's ghost is heavily damaged.
Demenzo's ghost hits you.
* * * LOW HITPOINT WARNING * * *
Demenzo's ghost hits you!
You die...

# ##'# ##...##
##.....##
##.......## #..
#.........####.....
+.........W@†...#
#.........####..#
#.......## #
##.....## ##...##
##'## #.# #.# ##.##


You could see demenzo's ghost.

Vanquished Creatures
  Ijyb (D:2)
  3 adders
  2 ball pythons
  4 bats
  2 giant cockroaches (D:2)
  5 goblins
  5 hobgoblins
  4 jackals (D:2)
  A quokka (D:2)
  2 frilled lizards
  11 kobolds
  7 rats
47 creatures vanquished.

Notes
Turn   | Place    | Note
-------+----------+-------------------------------------------
     0 | D:1      | polly the Gargoyle Fighter began the quest for the Orb.
     0 | D:1      | Reached XP level 1. HP: 14/14 MP: 1/1
   116 | D:1      | Reached XP level 2. HP: 13/19 MP: 2/2
   703 | D:1      | Reached XP level 3. HP: 22/23 MP: 3/3
   917 | D:2      | Noticed Ijyb
   936 | D:2      | Reached skill level 4 in Shields
   969 | D:2      | Killed Ijyb
   969 | D:2      | Reached XP level 4. HP: 24/29 MP: 4/4
  1562 | D:3      | Found a burning altar of Makhleb.
  1566 | D:3      | Found a blossoming altar of Fedhas.
  1568 | D:3      | Found a radiant altar of Vehumet.
  1659 | D:3      | Noticed demenzo's ghost (amateur HOAK)
  1693 | D:3      | Slain by demenzo's ghost

Vault maps used:
D:1:      eino_arrival_tree_alley
D:2:      minmay_kobold_bridge, first_bread, uniq_iyjb
D:3:      grunt_temple_overflow_open, nemelex_lonely_heart_becter

Skill      XL: |  1  2  3 |
---------------+----------+-----
Shields        | 4 |  4.5
Fighting       | |  3.7
Maces & Flails | |  2.9
Armour         | |  3.6
Dodging        | |  0.5

Action                   |  1- 3 |  4- 6 || total
-------------------------+-------+-------++-------
Melee: Flail             |   126 |   116 ||   242
  Use: Potion            |       |     1 ||     1
  Eat: Chunk             |       |     2 ||     2
Armor: Scale mail        |    69 |    66 ||   135
Dodge: Dodged            |    37 |    38 ||    75
Block: Shield            |    70 |    74 ||   144
